 Dungeon Crawl Stone Soup version 0.25.1-2-g60ff931df9 (webtiles) character file.

Game seed: 4228524977757336787

9882 Joeren the Arsonist (level 11, -7/89 HPs)
             Began as a Pale Draconian Fire Elementalist on Sept 1, 2020.
             Was a Believer of Sif Muna.
             Mangled by a red devil
             ... wielding a +0 demon trident of draining
              (19 damage)
             ... on level 14 of the Dungeon.
             The game lasted 01:38:06 (12469 turns).

Joeren the Arsonist (DrFE)                         Turns: 12469, Time: 01:38:07

Health: -7/89      AC: 10    Str: 11    XL:     11   Next: 28%
Magic:  22/22      EV: 13    Int: 25    God:    Sif Muna [**....]
Gold:   553        SH:  3    Dex: 11    Spells: 9/25 levels left

rFire    . . .     SeeInvis .   a - +3 hand axe (elec)
rCold    . . .     Gourm    .   T - +0 buckler
rNeg     + . .     Faith    .   (armour unavailable)
rPois    .         Spirit   .   (helmet restricted)
rElec    .         Reflect  .   z - +2 cloak {Stlth+}
rCorr    .         Harm     .   (no gloves)
MR       .....                  (no boots)
Stlth    +.........             m - amulet of regeneration
HPRegen  0.64/turn              c - ring of positive energy
MPRegen  0.18/turn              t - +6 ring of intelligence

@: heavily drained
A: breathe steam, unfitting armour, cold-blooded, AC +7
a: Breathe Steam, Channel Magic, Renounce Religion


You were on level 14 of the Dungeon.
You worshipped Sif Muna.
Sif Muna was pleased with you.
You were not hungry.

You visited 2 branches of the dungeon, and saw 13 of its levels.

You collected 553 gold pieces.

Inventory:

Hand Weapons
 a - a +3 hand axe of electrocution (weapon)
 w - a +2 flail of venom
 y - a +3 quarterstaff of chaos
 F - a +2 mace of holy wrath
 G - the +1 hunting sling of Gehenna {flame, rC+ Dex+4}
   (You found it on level 6 of the Dungeon)

   It causes projectiles fired from it to burn those they strike, causing extra
   injury to most foes and up to half again as much damage against particularly
   susceptible opponents.
   It affects your dexterity (+4).
   It protects you from cold.
 M - a +2 hunting sling of flaming
Missiles
 b - 3 silver boomerangs
 d - 254 stones
 e - 6 poisoned darts
 B - 2 boomerangs (quivered)
 O - 2 throwing nets
Armour
 r - a +4 ring mail
 z - a +2 cloak of stealth (worn)
 T - a +0 buckler (worn)
Jewellery
 c - a ring of positive energy (left hand)
 m - an amulet of regeneration (around neck)
 q - an uncursed amulet of regeneration
 t - a +6 ring of intelligence (right hand)
 u - an uncursed ring of protection from cold
 x - a +6 ring of strength
 I - an uncursed ring of positive energy
 N - an uncursed ring of positive energy
Wands
 A - a wand of random effects (11)
 E - a wand of polymorph (10)
 H - a wand of enslavement (6)
 R - a wand of flame (31)
 S - a wand of clouds (7)
Scrolls
 g - 3 scrolls of teleportation
 j - a scroll of fog
 k - 7 scrolls of identify
 o - 2 scrolls of remove curse
 p - a scroll of blinking
 s - 3 scrolls of amnesia
Potions
 h - 2 potions of might {unknown}
 l - a potion of flight
 C - a potion of cancellation
 D - a potion of brilliance
 J - a potion of stabbing {unknown}
 K - a potion of lignification {unknown}
 L - 3 potions of degeneration {unknown}
 P - 2 potions of curing {unknown}
Comestibles
 n - 25 rations


   Skills:
 + Level 5.7(4.1) Fighting
 + Level 5.5(3.9) Dodging
 - Level 2.0(0.5) Stealth
 + Level 2.3(0.8) Shields
 + Level 7.5(5.8) Spellcasting
 + Level 8.0(6.2) Conjurations
 - Level 2.0(0.5) Hexes
 + Level 10.0(8.2) Fire Magic
 + Level 6.9(5.2) Invocations


You had 9 spell levels left.
You knew the following spells:

 Your Spells              Type           Power        Failure   Level  Hunger
a - Foxfire               Conj/Fire      ####         1%          1    None
d - Fireball              Conj/Fire      #####.....   16%         5    #####..
f - Conjure Flame         Conj/Fire      #####...     1%          3    #......
g - Inner Flame           Hex/Fire       ####....     5%          3    #......
s - Sticky Flame          Conj/Fire      #####...     6%          4    ###....

Your spell library contained the following spells:

 Spells                   Type           Power        Failure   Level  Hunger
 Magic Dart               Conj           ####         1%          1    None
 Searing Ray              Conj           #####.       1%          2    None
 Corona                   Hex            ##.....      9%          1    None
 Dazzling Flash           Conj/Hex       ###...       9%          3    #......
 Animate Skeleton         Necr           N/A          12%         1    None
 Apportation              Tloc           #.....       12%         1    None
 Summon Small Mammal      Summ           #...         12%         1    None
 Call Imp                 Summ           #.......     17%         2    None
 Fulminant Prism          Conj/Hex       ###.......   28%         4    ###....
 Summon Guardian Golem    Hex/Summ       #.......     30%         3    #......
 Iskenderun's Mystic Bla  Conj/Tloc      ###.....     30%         4    ###....
 Call Canine Familiar     Summ           #.......     34%         3    #......
 Summon Ice Beast         Ice/Summ       #.......     75%         4    ###....
 Summon Lightning Spire   Summ/Air       #.......     75%         4    ###....


Dungeon Overview and Level Annotations

Branches:
Dungeon (14/15)            Temple (1/1) D:4            Lair (0/6) D:10
    Orc: D:9-12      Vaults: D:13-14

Altars:
Ashenzari
Cheibriados
Dithmenos
Elyvilon
Fedhas
Gozag
Hepliaklqana
Kikubaaqudgha
Makhleb
Nemelex Xobeh
Okawaru
Qazlal
Ru
Sif Muna
Trog
Uskayaw
Vehumet
Wu Jian
Xom
Yredelemnul
Zin
The Shining One

Shops:
D:6 (   D:8 }   D:9 [}?   D:10 =(

Annotations:
D:2 exclusion: 2 downstairs
D:6 exclusion: 2 downstairs
D:10 Maggie
D:13 Azrael


Innate Abilities, Weirdness & Mutations

You can breathe blasts of scalding, opaque steam.
Your pale cyan-grey scales are hard. (AC +7)
You cannot fit into any form of body armour.
You are cold-blooded and may be slowed by cold attacks.


Message History

You partially resist.
You feel drained.
You hit the red devil but do no damage.
The red devil is almost dead.
The red devil hits you with a +0 demon trident of draining!
* * * LOW HITPOINT WARNING * * *
You partially resist.
You feel drained.
* * * LOW HITPOINT WARNING * * *
You feel much better.
The red devil hits you but does no damage.
You partially resist.
You feel drained.
You miss the red devil.
Your tail-slap misses the red devil.
The red devil is almost dead.
The red devil hits you with a +0 demon trident of draining!
* * * LOW HITPOINT WARNING * * *
You partially resist.
You feel drained.
* * * LOW HITPOINT WARNING * * *
You hit the red devil.
The red devil is almost dead.
The red devil hits you with a +0 demon trident of draining!!
You die...

#..# #..# #§.# PP
#..# ...
##+######..###...
.................
######........#..
#...4+........P..
#...@+....#...###
#.)(÷#.......##
#.)[.#.......P#
#.[)<#...#...P#P
######.....#.PP..
.........P.#....
................
................
...........###§.


You could see a red devil.

Vanquished Creatures
  2 two-headed ogres
  An elephant (D:10)
  Joseph (D:7)
  An orange demon (D:13)
  A centaur skeleton (D:14)
  2 kobold demonologists (D:14)
  Grinder (D:3)
  Prince Ribbit (D:5)
  2 hippogriffs
  Sigmund (D:3)
  3 wyverns
  Eustachio (D:4)
  5 yaks (D:10)
  A hungry ghost (D:13)
  A basilisk (D:10)
  Grum (D:10)
  Edmund (D:4)
  Duvessa (D:7)
  2 black bears
  3 ice beasts
  4 phantoms
  2 sky beasts (D:7)
  4 wolves
  3 ogres
  4 centaurs
  A crocodile (D:10)
  4 big kobolds
  4 bullfrogs
  A wyvern zombie (D:6)
  A scorpion (D:5)
  Dowan (D:7)
  5 killer bees (D:8)
  3 howler monkeys
  4 crimson imps
  A centaur zombie (D:6)
  5 hounds
  6 jellies
  Crazy Yiuf (D:4)
  4 orc priests
  2 bullfrog skeletons (D:6)
  An iguana (D:5)
  Terence (D:3)
  5 orc wizards
  3 worker ants
  A hound skeleton (D:2)
  A howler monkey zombie (D:5)
  2 worker ant zombies
  A howler monkey skeleton (D:6)
  7 adders
  An ooze (D:6)
  An adder zombie (D:8)
  An adder skeleton (D:8)
  A worm (D:2)
  A dart slug (D:2)
  2 leopard geckos
  17 orcs
  8 bats
  8 giant cockroaches
  7 goblins
  6 hobgoblins
  3 jackals (D:6)
  2 quokkas
  2 ball pythons (D:2)
  4 frilled lizards
  A jackal zombie (D:6)
  6 kobolds
  4 rats
  A plant (D:10)
190 creatures vanquished.

Vanquished Creatures (others)
  446 foxfires
446 creatures vanquished.

Grand Total: 636 creatures vanquished

Notes
Turn   | Place    | Note
-------+----------+-------------------------------------------
     0 | D:1      | Joeren the Draconian Fire Elementalist began the quest for
                  | the Orb.
     0 | D:1      | Reached XP level 1. HP: 14/14 MP: 3/3
   368 | D:1      | Reached XP level 2. HP: 20/20 MP: 1/5
   818 | D:3      | Found a blossoming altar of Fedhas.
  1011 | D:2      | Reached XP level 3. HP: 26/26 MP: 2/6
  1287 | D:2      | Learned a level 3 spell: Inner Flame
  1337 | D:2      | Reached XP level 4. HP: 33/33 MP: 4/7
  1416 | D:2      | Reached skill level 4 in Fire Magic
  1423 | D:2      | Learned a level 3 spell: Conjure Flame
  1831 | D:3      | Found a hide-covered altar of Uskayaw.
  1832 | D:3      | Noticed Sigmund
  2127 | D:3      | Found an opulent altar of Gozag.
  2314 | D:3      | Found a shattered altar of Ashenzari.
  2437 | D:3      | Noticed Grinder
  2442 | D:3      | Found a shimmering blue altar of Sif Muna.
  2455 | D:3      | Became a worshipper of Sif Muna the Loreminder
  2567 | D:4      | Reached XP level 5. HP: 38/38 MP: 0/8
  2690 | D:4      | Found a runed translucent door.
  2691 | D:4      | Noticed Crazy Yiuf
  2809 | D:4      | Reached skill level 1 in Hexes
  2896 | D:5      | Entered Level 5 of the Dungeon
  2896 | D:5      | Noticed a centaur
  3013 | D:4      | Noticed Eustachio
  3059 | D:4      | Killed Eustachio
  3059 | D:4      | Reached skill level 5 in Fire Magic
  3059 | D:4      | Reached XP level 6. HP: 21/45 MP: 4/9
  3241 | D:4      | Found a staircase to the Ecumenical Temple.
  3254 | Temple   | Entered the Ecumenical Temple
  3625 | D:4      | Noticed Edmund
  3637 | D:4      | Killed Edmund
  3637 | D:4      | Reached skill level 6 in Fire Magic
  3831 | D:4      | Your scales start taking on a pale cyan-grey colour.
  3831 | D:4      | Reached XP level 7. HP: 35/50 MP: 3/11
  4215 | D:4      | Killed Crazy Yiuf
  4221 | D:4      | Learned a level 4 spell: Sticky Flame
  4350 | D:3      | Killed Sigmund
  4636 | D:3      | Killed Grinder
  4636 | D:3      | Reached skill level 7 in Fire Magic
  4921 | D:3      | Reached XP level 8. HP: 57/57 MP: 3/14
  5058 | D:3      | Noticed Terence
  5062 | D:3      | Killed Terence
  5076 | D:3      | Found a snail-covered altar of Cheibriados.
  5226 | D:5      | Reached skill level 1 in Invocations
  5239 | D:5      | Noticed Prince Ribbit
  5283 | D:5      | Killed Prince Ribbit
  5283 | D:5      | Reached skill level 5 in Spellcasting
  5283 | D:5      | Reached skill level 5 in Conjurations
  5364 | D:5      | Learned a level 5 spell: Fireball
  5674 | D:6      | Reached * piety under Sif Muna
  5729 | D:6      | Reached skill level 8 in Fire Magic
  5809 | D:5      | Found a sparkling altar of Nemelex Xobeh.
  5997 | D:5      | Found a white marble altar of Elyvilon.
  6267 | D:6      | Got an encrusted hunting sling
  6272 | D:7      | Noticed Dowan
  6273 | D:7      | Noticed Duvessa
  6274 | D:7      | Killed Dowan
  6274 | D:7      | Reached XP level 9. HP: 62/62 MP: 7/17
  6522 | D:6      | Found Huv Caso's Weapon Emporium.
  6702 | D:6      | You fall into a shaft and drop 1 floor!
  6746 | D:6      | Reached skill level 1 in Fighting
  6876 | D:6      | Found a burning altar of Makhleb.
  7072 | D:7      | Noticed Joseph
  7444 | D:7      | Killed Duvessa
  7596 | D:7      | Found a glowing golden altar of the Shining One.
  7741 | D:7      | Killed Joseph
  7982 | D:8      | Noticed a two-headed ogre
  8027 | D:7      | Found a stormy altar of Qazlal.
  8143 | D:7      | Reached skill level 5 in Invocations
  8158 | D:7      | Reached skill level 9 in Fire Magic
  8294 | D:7      | Reached XP level 10. HP: 52/77 MP: 12/19
  8505 | D:8      | Reached ** piety under Sif Muna
  8821 | D:8      | Found Pewa's Gadget Shop.
  9055 | D:8      | Identified the cursed +1 hunting sling of Gehenna {flame,
                  | rC+ Dex+4} (You found it on level 6 of the Dungeon)
  9307 | D:8      | Found a basalt altar of Yredelemnul.
  9564 | D:8      | Killed a two-headed ogre
  9753 | D:9      | Found Cayfuur's Magic Scroll Shoppe.
  9898 | D:10     | Entered Level 10 of the Dungeon
  9899 | D:10     | Noticed Grum
 10054 | D:9      | Noticed a two-headed ogre
 10067 | D:9      | Killed a two-headed ogre
 10185 | D:9      | Found Pikuro's Gadget Emporium.
 10294 | D:9      | Reached skill level 5 in Dodging
 10463 | D:9      | Found Foupefri's Antique Armour Emporium.
 10531 | D:9      | Found an ornate altar of the Wu Jian Council.
 10540 | D:9      | Found a glowing silver altar of Zin.
 10549 | D:9      | Found a sacrificial altar of Ru.
 10920 | D:10     | Reached skill level 5 in Fighting
 11164 | D:10     | Found Gixay's Jewellery Emporium.
 11217 | D:10     | Found a staircase to the Lair.
 11450 | D:10     | Reached skill level 1 in Shields
 11459 | D:10     | Reached XP level 11. HP: 88/88 MP: 6/22
 11692 | D:10     | Noticed Maggie
 11733 | D:10     | Killed Grum
 11750 | D:10     | Found Loixycse's Antique Weapon Emporium.
 11750 | D:10     | You fall into a shaft and drop 3 floors!
 12054 | D:13     | Noticed Azrael
 12144 | D:14     | Reached skill level 10 in Fire Magic
 12396 | D:14     | Noticed a catoblepas
 12469 | D:14     | Mangled by a red devil

Illustrated notes

Levels and vault maps discovered:
D:1:      tarquinn_simple_flora_water_f, layout_rooms
D:2:      layout_loops_ring
D:3:      layout_loops_cross, nicolae_overflow_hidden_temple, fedhas_altar_1,
          nicolae_ashenzari_panopticon, eat_drink_and_be_merry_uskayaw,
          lemuel_round_altar, first_ration, grunt_gozag_statues, uniq_grinder,
          uniq_terence, uniq_sigmund
D:4:      layout_cave_pools, minmay_temple_entry_waves, uniq_crazy_yiuf_cottage,
          uniq_edmund, uniq_eustachio
D:5:      layout_loops_ring, nemelex_xobeh_ov_fountains_minmay,
          corexii_hall_statues_u, elyvilon_altar_3, uniq_prince_ribbit1
D:6:      minmay_spotlight, layout_cave_pools, makhleb_grotto_becter,
          serial_shops, shop, grunt_ministairs_14
D:7:      layout_rooms, grunt_qazlal_sundering, kennysheep_mini,
          hangedman_minor_gate_pass, uniq_joseph, uniq_duvessa
D:8:      layout_loops_cross, kennysheep_little_box, serial_shops, shop
D:9:      layout_basic, grunt_temple_overflow_diamond, serial_shops, shop,
          shop_statue, shop, blue_anna_alchemist [blue_anna_fruit_fields,
          blue_anna_fruit_fields]
D:10:     layout_small_grid, david_lair_generic, david_orc_3, serial_shops,
          shop, shop, shop_fountains, nicolae_shop_crystal, uniq_grum,
          uniq_maggie
D:13:     layout_roguey, ebering_dispersal_statue_hall,
          minmay_beelzebubs_servants, uniq_azrael
D:14:     kennysheep_kobold_lugonu_temple, layout_irregular_city,
          david_vaults_3, biasface_ghost_orc_armoury,
          portal_ice_cave_entry_ice_beasts, lemuel_crystal_altar, serial_shops,
          nicolae_shop_overgrown_old_shop
Temple:   compressed_dpeg_triangle_lava_temple

Skill      XL: |  1  2  3  4  5  6  7  8  9 10 11 |
---------------+----------------------------------+-----
Stealth        | 2 |  2.0
Conjurations   | 2 3 4 5 6 7 8 |  8.0
Fire Magic     | 4 5 6 7 8 9 10 | 10.0
Hexes          | 2 |  2.0
Spellcasting   | 4 5 6 7 |  7.5
Invocations    | 3 5 6 |  6.9
Dodging        | 2 4 5 |  5.5
Fighting       | 3 5 |  5.7
Shields        | 1 2 |  2.3

Action                   |  1- 3 |  4- 6 |  7- 9 | 10-12 || total
-------------------------+-------+-------+-------+-------++-------
Melee: Unarmed           |     4 |    11 |       |       ||    15
       Hand axe          |    11 |    50 |   149 |    72 ||   282
       Tailslap          |     1 |     4 |    11 |     7 ||    23
Throw: Dart              |     9 |    17 |     4 |       ||    30
       Stone             |     2 |     8 |     1 |       ||    11
       Boomerang         |       |       |     8 |     9 ||    17
 Cast: Foxfire           |    49 |    57 |    94 |    87 ||   287
       Inner Flame       |       |     1 |       |     4 ||     5
       Conjure Flame     |       |       |     7 |    11 ||    18
       Sticky Flame      |       |       |    26 |    34 ||    60
       Fireball          |       |       |     7 |    19 ||    26
Invok: Channel Magic     |       |       |       |     1 ||     1
 Abil: Breathe Steam     |       |       |       |     1 ||     1
  Use: Potion            |       |     3 |       |     2 ||     5
       Scroll            |       |     1 |       |    16 ||    17
 Stab: Sleeping          |       |     1 |     2 |       ||     3
       Confused          |       |     1 |       |       ||     1
  Eat: Chunk             |     2 |     4 |    17 |    11 ||    34
       Ration            |       |     1 |     1 |     3 ||     5
Armor: Skin              |     6 |    22 |    70 |    42 ||   140
Dodge: Dodged            |    10 |    37 |   114 |   114 ||   275
Block: Buckler           |       |       |       |     8 ||     8
